 Dungeon Crawl Stone Soup version 0.25.0-37-gb73750e0fb (webtiles) character file.

Game seed: 8671320150313322589

221812 MajorAdolf the Unseen (level 19, -2/181 HPs)
             Began as a Naga Wanderer on June 21, 2020.
             Was an Initiate of Gozag.
             Killed by divine providence
             ... invoked by a daeva
              (9 damage)
             ... on level 2 of the Depths on July 9, 2020.
             The game lasted 01:27:33 (41638 turns).

MajorAdolf the Unseen (Naga Wanderer)              Turns: 41638, Time: 01:27:34

Health: -2/181     AC: 16    Str: 20    XL:     19   Next: 21%
Magic:  30/30      EV:  8    Int: 14    God:    Gozag
Gold:   1764       SH: 24    Dex: 12    Spells: 18/18 levels left

rFire    + + .     SeeInvis +   B - +1 war axe (elec)
rCold    + . .     Gourm    .   u - +5 tower shield {rC+ rF+}
rNeg     . . .     Faith    .   O - +2 troll leather armour
rPois    +         Spirit   .   e - +0 helmet
rElec    .         Reflect  .   P - +1 cloak
rCorr    .         Harm     .   v - +2 pair of gloves
MR       +++..                  (no barding)
Stlth    +++++++...             q - amulet of regeneration
HPRegen  1.20/turn              S - ring of protection from magic
MPRegen  0.22/turn              E - ring of protection from fire

@: gold aura, very slow
A: large, see invisible, deformed body, poison resistance, slowness 2, slow
metabolism 1, spit poison 1, constrict 1, AC +6
}: 1/15 runes: serpentine
a: Spit Poison, Potion Petition, Call Merchant, Bribe Branch, Renounce Religion


You were on level 2 of the Depths.
You worshipped Gozag.
Gozag was most pleased with you.
You were not hungry.

You visited 7 branches of the dungeon, and saw 31 of its levels.
You also visited: Bailey.

You collected 12694 gold pieces.
You spent 7496 gold pieces at shops.
You paid 3434 gold pieces to Gozag.

Inventory:

Hand Weapons
 c - a +2 war axe of flaming
 B - a +1 war axe of electrocution (weapon)
 J - a +0 broad axe of freezing
Armour
 e - a +0 helmet (worn)
 u - a +5 tower shield of resistance (worn)
 v - a +2 pair of gloves (worn)
 O - a +2 troll leather armour (worn)
 P - a +1 cloak (worn)
Jewellery
 p - a +6 ring of dexterity
 q - an amulet of regeneration (around neck)
 s - an uncursed ring of flight
 x - an uncursed ring of protection from magic
 E - a ring of protection from fire (right hand)
 I - an uncursed amulet of guardian spirit
 N - an uncursed ring of resist corrosion
 S - a ring of protection from magic (left hand)
Wands
 j - a wand of clouds (12)
 r - a wand of iceblast (15)
 z - a wand of flame (38)
 K - a wand of digging (3)
 L - a wand of acid (23)
 M - a wand of paralysis (34)
Scrolls
 a - a scroll of amnesia
 b - 5 scrolls of identify
 d - 7 scrolls of enchant weapon
 k - 13 scrolls of remove curse
 l - 3 scrolls of immolation
 m - 5 scrolls of fear
 o - a scroll of vulnerability
 t - 2 scrolls of summoning
 w - 10 scrolls of teleportation
 C - 4 scrolls of magic mapping
 R - a scroll of silence
 V - a scroll of holy word
 W - 3 scrolls of fog
Potions
 f - a potion of ambrosia {unknown}
 h - a potion of brilliance
 i - a potion of flight
 n - 7 potions of curing
 A - 2 potions of mutation
 D - a potion of invisibility
 G - 6 potions of magic
 H - a potion of stabbing
 Q - a potion of cancellation {unknown}
 T - 3 potions of lignification
 Y - 5 potions of haste
Miscellaneous
 y - a lightning rod (4/4)
 U - a tin of tremorstones (3/3)
Comestibles
 g - 38 rations


   Skills:
 + Level 13.7 Fighting
 - Level 15.9(16.0) Axes
   Level 1.0(10.8) Polearms
 + Level 20.9 Stealth
 + Level 13.6 Shields
   Level 1.0 Transmutations
   Level 5.3 Poison Magic
 + Level 15.5 Evocations


You had 18 spell levels left.
You didn't know any spells.
Your spell library contained the following spells:

 Spells                   Type           Power        Failure   Level  Hunger
 Sting                    Tmut/Pois      #...         13%         1    ##.....
 Poisonous Vapours        Pois/Air       #.....       24%         2    ###....
 Beastly Appendage        Tmut           #.....       30%         1    ##.....
 Spider Form              Tmut/Pois      #.........   36%         3    ####...
 Animate Skeleton         Necr           N/A          43%         1    ##.....
 Apportation              Tloc           #.....       43%         1    ##.....
 Corona                   Hex            #......      43%         1    ##.....
 Foxfire                  Conj/Fire      #...         43%         1    ##.....
 Pain                     Necr           #...         43%         1    ##.....
 Summon Small Mammal      Summ           #...         43%         1    ##.....
 Sticks to Snakes         Tmut           #.......     43%         2    ###....
 Olgreb's Toxic Radiance  Pois           ##......     47%         4    #####..
 Passwall                 Tmut/Erth      #.......     50%         2    ###....
 Ignite Poison            Fire/Tmut/Pois #.......     52%         3    ####...
 Call Imp                 Summ           #.......     56%         2    ###....
 Corpse Rot               Necr/Air       N/A          56%         2    ###....
 Sublimation of Blood     Necr           #.........   56%         2    ###....
 Mephitic Cloud           Conj/Pois/Air  #.......     56%         3    ####...
 Call Canine Familiar     Summ           #.......     80%         3    ####...
 Confusing Touch          Hex            #.......     80%         3    ####...
 Conjure Flame            Conj/Fire      #.......     80%         3    ####...
 Gell's Gravitas          Tloc           #.........   80%         3    ####...
 Inner Flame              Hex/Fire       #.......     80%         3    ####...
 Summon Guardian Golem    Hex/Summ       #.......     80%         3    ####...
 Vampiric Draining        Necr           #.........   80%         3    ####...
 Petrify                  Tmut/Erth      #.......     98%         4    #####..
 Alistair's Intoxication  Tmut/Pois      #.......     98%         5    ######.
 Animate Dead             Necr           N/A          99%         4    #####..
 Dispel Undead            Necr           #.......     99%         4    #####..
 Sticky Flame             Conj/Fire      #.......     99%         4    #####..
 Summon Ice Beast         Ice/Summ       #.......     99%         4    #####..
 Summon Lightning Spire   Summ/Air       #.......     99%         4    #####..
 Agony                    Necr           #.......     100%        5    ######.
 Excruciating Wounds      Chrm/Necr      #.........   100%        5    ######.
 Fireball                 Conj/Fire      #.........   100%        5    ######.
 Metabolic Englaciation   Hex/Ice        #.........   100%        5    ######.
 Yara's Violent Unravell  Hex/Tmut       #.........   100%        5    ######.
 Eringya's Noxious Bog    Tmut/Pois      #.........   100%        6    #######
 Freezing Cloud           Conj/Ice/Air   #.........   100%        6    #######
 Statue Form              Tmut/Erth      #........    100%        6    #######
 Ring of Flames           Chrm/Fire      #.........   100%        7    #######


Dungeon Overview and Level Annotations

Branches:
Dungeon (15/15)            Temple (1/1) D:6            Lair (6/6) D:8
  Swamp (1/4) Lair:3        Snake (4/4) Lair:3        Slime (0/5) Lair:5
    Orc (2/2) D:10            Elf (0/3) Orc:2        Vaults (0/5) D:13
 Depths (2/5) D:15         Bailey (visited)

Altars:
Ashenzari
Cheibriados
Dithmenos
Elyvilon
Fedhas
Gozag
Hepliaklqana
Kikubaaqudgha
Makhleb
Nemelex Xobeh
Okawaru
Qazlal
Ru
Sif Muna
Trog
Uskayaw
Vehumet
Wu Jian
Xom
Yredelemnul
Zin
The Shining One
Beogh
Jiyva

Shops:
D:4 [   D:7 *(*=!   D:9 (   D:11 *   D:12 *   Orc:1 *   Orc:2 !?**%[}%=
Snake:3 [   Snake:4 }[[?}

Portals:
Hell: Depths:1 Depths:2
Abyss: Depths:1
Pandemonium: Depths:2
Ziggurat: Depths:2
Trove: D:15 (give +3 shadow dragon scales)

Annotations:
D:7 4 runed translucent doors, 2 transporters, Menkaure
D:10 1 runed translucent door
Depths:1 3 runed translucent doors


Innate Abilities, Weirdness & Mutations

You cannot wear boots.
Your serpentine skin is tough. (AC +6)
You have supernaturally acute eyesight. (SInv)
Armour fits poorly on your strangely shaped body.
Your system is resistant to poisons. (rPois)
You cover ground very slowly.
You have a slow metabolism.
You can spit poison.
You can use your snake-like lower body to constrict enemies.


Message History

* * * LOW HITPOINT WARNING * * *
Your surroundings seem slightly different.
The daeva calls down the wrath of the Shining One upon you.
The Shining One smites you!
* * * LOW HITPOINT WARNING * * *
The ice dragon bites you but does no damage.
The ice dragon claws you.
* * * LOW HITPOINT WARNING * * *
The ice dragon tramples you but does no damage.
Found 19 stones.
You feel better.
The fire giant hits you with a +1 great sword of flaming.
* * * LOW HITPOINT WARNING * * *
The ice dragon breathes frost at you. The blast of cold hits you. You resist.
* * * LOW HITPOINT WARNING * * *
The daeva calls down the wrath of the Shining One upon you.
The Shining One smites you!
You die...
Your body crumbles into a pile of gold.

#.∩........
#.........
#........
#...>... #....##
# #.^..###
#..#......##
#.....CD...#
#.#....@.§.# #
#........#
#..........#
#........#...#
#.......###..#
#...#..##A##..#
#..#..##.∩.##..
#(.....##.##..##
#....###.


You could see a daeva, a fire giant and an ice dragon (catching breath).

Vanquished Creatures
  A juggernaut (Depths:2)
  A sphinx (Depths:1)
  Frances (Swamp:1)
  A tengu reaver (Depths:1)
  Roxanne (Snake:4)
  10 nagarajas
  A fire giant (Depths:2)
  Aizul (Lair:3)
  A cacodemon (Depths:2)
  2 very ugly things (Depths:1)
  A stone giant (Depths:1)
  2 vampire knights
  Azrael (Snake:2)
  The ghost of p0werm0de the Spawn of Chaos, a journeyman DDFi of Makhleb (Orc:2)
  A merfolk javelineer (Depths:1)
  An ettin (Depths:2)
  3 fire dragons
  A great orb of eyes (shapeshifter) (D:15)
  A yaktaur captain (Depths:1)
  A rakshasa (D:15)
  A great orb of eyes (Depths:2)
  3 centaur warriors
  A vault guard (D:13)
  8 hydras
  12 naga warriors
  13 anacondas
  An alligator (Swamp:1)
  22 two-headed ogres
  6 death yaks (Lair:4)
  A vampire mage (Depths:2)
  A tengu warrior (Depths:1)
  A deep troll earth mage (Depths:1)
  5 ogre magi
  7 naga sharpshooters
  4 deep troll shamans (Depths:1)
  2 orc high priests (Orc:2)
  5 shock serpents
  The ghost of Dienlag the Covert, a novice OpMo of Kikubaaqudgha (Orc:1)
  7 hell knights (Depths:2)
  An iron troll (D:15)
  A fire crab (Lair:6)
  5 salamander mystics (Snake:4)
  A glowing orange brain (D:15)
  An unseen horror (D:14)
  10 naga ritualists
  A swamp dragon (Swamp:1)
  3 wizards
  Pikel (D:6)
  4 orc knights
  3 necromancers
  5 orc sorcerers (Orc:2)
  A wolf spider (Lair:6)
  17 mana vipers
  26 ugly things
  A mana viper (shapeshifter) (Depths:1)
  6 salamanders
  2 deep elf magi (D:15)
  3 cyclopes
  2 oklob plants (Lair:2)
  A manticore (D:11)
  5 elephants
  11 naga magi
  44 black mambas
  7 guardian serpents (Snake:4)
  2 torpor snails (Lair:6)
  2 centaur zombies (D:14)
  2 molten gargoyles (Lair:6)
  2 gargoyles
  Maggie (D:7)
  2 rime drakes
  14 spiny frogs
  A freezing wraith (D:14)
  8 komodo dragons
  5 kobold demonologists
  2 yaktaurs
  2 tengu conjurers
  A hellwing (Depths:2)
  A queen bee (shapeshifter) (D:15)
  A queen bee (Lair:5)
  5 trolls
  A hornet (D:7)
  3 meliai (Lair:5)
  A red devil (Depths:2)
  20 blink frogs
  8 hippogriffs
  23 slime creatures
  A bog body (Swamp:1)
  A meliai zombie (D:14)
  3 shadows
  A tarantella (shapeshifter) (D:15)
  3 water elementals (Depths:1)
  8 redbacks (Depths:1)
  A ynoxinul (Depths:2)
  A basilisk (shapeshifter) (D:15)
  7 wyverns
  50 yaks
  Eustachio (D:5)
  21 humans (D:13)
  A neqoxec (Depths:2)
  2 fire elementals (Snake:2)
  3 steam dragons
  3 vampire mosquitoes (Swamp:1)
  5 basilisks
  2 hungry ghosts
  Edmund (D:6)
  7 wargs
  52 nagas
  3 swamp worms (Swamp:1)
  Duvessa (D:6)
  6 hell hounds
  11 water moccasins
  A soldier ant (D:14)
  12 porcupines
  A soldier ant (shapeshifter) (D:15)
  5 ice beasts
  5 sky beasts
  26 orc warriors
  A necrophage (D:14)
  3 black bears
  A phantom (D:8)
  20 ogres
  An eye of draining (D:14)
  13 wolves
  16 centaurs
  14 big kobolds
  9 crocodiles
  Blork the orc (D:4)
  A wyvern zombie (D:8)
  18 bullfrogs
  A gnoll sergeant (D:11)
  Dowan (D:6)
  7 scorpions
  29 killer bees
  An electric eel (Lair:5)
  A howler monkey (D:11)
  4 crimson imps
  5 lava snakes (Lair:6)
  A quasit (D:11)
  A bullfrog zombie (D:5)
  10 hounds
  21 orc priests
  2 jellies
  30 orc wizards
  2 bullfrog skeletons
  6 centaur skeletons
  An iguana (D:6)
  9 worker ants
  8 adders
  11 gnolls
  6 shadow imps
  An ooze (Lair:5)
  An adder skeleton (D:6)
  A worm (D:4)
  2 dart slugs
  3 leopard geckos
  74 orcs
  7 bats
  2 giant cockroaches
  9 goblins
  9 hobgoblins
  11 jackals
  8 quokkas
  2 ball pythons
  6 frilled lizards
  A jackal skeleton (D:4)
  33 kobolds
  A leopard gecko zombie (D:7)
  6 rats
  3 fungi
  4 plants
1087 creatures vanquished.

Vanquished Creatures (collateral kills)
  A naga warrior (Snake:4)
1 creature vanquished.

Vanquished Creatures (others)
  A dancing weapon (Orc:1)
  A naga (Snake:4)
  An ice beast (D:6)
  An orc (D:10)
  A leopard gecko zombie (D:6)
  38 fungi
  26 plants
69 creatures vanquished.

Grand Total: 1157 creatures vanquished

Notes
Turn   | Place    | Note
-------+----------+-------------------------------------------
     0 | D:1      | MajorAdolf the Naga Wanderer began the quest for the Orb.
     0 | D:1      | MajorAdolf set off with the following items: a +0 club, a
                  | scroll of teleportation, a +0 robe, a +0 dagger, a ration;
                  | and the following spells available to memorise: Sting,
                  | Poisonous Vapours, Pain, Olgreb's Toxic Radiance, Ignite
                  | Poison, Mephitic Cloud, Vampiric Draining
     0 | D:1      | Reached XP level 1. HP: 18/18 MP: 1/1
   570 | D:1      | Reached XP level 2. HP: 22/26 MP: 2/2
  1210 | D:2      | Reached XP level 3. HP: 19/33 MP: 3/3
  1866 | D:2      | Found a basalt altar of Yredelemnul.
  2116 | D:2      | Reached XP level 4. HP: 13/44 MP: 4/4
  2464 | D:2      | Found a bloodstained altar of Trog.
  2607 | D:2      | Found a sacrificial altar of Ru.
  2607 | D:2      | Found a sparkling altar of Nemelex Xobeh.
  2742 | D:2      | Found a snail-covered altar of Cheibriados.
  3724 | D:3      | Reached XP level 5. HP: 41/51 MP: 5/5
  4155 | D:3      | Reached skill level 5 in Fighting
  4451 | D:3      | Found a shimmering altar of Xom.
  5013 | D:4      | Reached skill level 1 in Axes
  5231 | D:4      | Noticed Blork the orc
  5239 | D:4      | Killed Blork the orc
  5239 | D:4      | Reached skill level 1 in Shields
  5239 | D:4      | Reached XP level 6. HP: 37/61 MP: 6/6
  5750 | D:4      | Found Jacsera's Armour Shoppe.
  5926 | D:5      | Entered Level 5 of the Dungeon
  5971 | D:5      | Reached XP level 7. HP: 37/67 MP: 7/7
  6313 | D:5      | Noticed Eustachio
  6399 | D:5      | Killed Eustachio
  6597 | D:6      | Noticed Pikel
  6611 | D:6      | Killed Pikel
  6611 | D:6      | Reached skill level 5 in Axes
  6611 | D:6      | Reached XP level 8. HP: 63/74 MP: 8/8
  6692 | D:6      | Found a staircase to the Ecumenical Temple.
  6774 | D:6      | Noticed Edmund
  6783 | D:6      | Killed Edmund
  6900 | D:6      | Reached skill level 5 in Shields
  7231 | D:6      | Noticed Duvessa
  7232 | D:6      | Noticed Dowan
  7243 | D:6      | Killed Duvessa
  7246 | D:6      | Killed Dowan
  7246 | D:6      | Reached XP level 9. HP: 72/81 MP: 9/9
  7617 | D:7      | Found Munesubb's Distillery.
  7625 | D:7      | Bought a potion of lignification for 42 gold pieces
  7646 | D:7      | Found a huge runed translucent gate.
  7696 | D:7      | Found Nollut's Jewellery Shoppe.
  7748 | D:7      | Found Dastos Peutu's Antique Weapon Emporium.
  7801 | D:7      | Found a huge runed translucent gate.
  7802 | D:7      | Found a huge runed translucent gate.
  7803 | D:7      | Found a huge runed translucent gate.
  7803 | D:7      | Noticed a polar bear
  7804 | D:7      | Noticed a manticore
  7804 | D:7      | Noticed a polar bear
  7805 | D:7      | Noticed a polar bear
  7833 | D:7      | Found a transporter.
  7835 | D:7      | Found an ancient bone altar of Kikubaaqudgha.
  7837 | D:7      | Noticed Menkaure
  7839 | D:7      | Found a basalt altar of Yredelemnul.
  7861 | D:7      | Found Qeremmis's Assorted Antiques.
  7933 | D:7      | Found Yhomere's General Store.
  8114 | D:7      | Found a transporter.
  8114 | D:7      | Noticed a hornet
  8117 | D:7      | Noticed Maggie
  8129 | D:7      | Killed Maggie
  8133 | D:7      | Killed a hornet
  8810 | D:8      | Reached XP level 10. HP: 69/88 MP: 10/10
  9041 | D:8      | Found a staircase to the Lair.
  9265 | Temple   | Entered the Ecumenical Temple
  9272 | Temple   | Became a worshipper of Gozag Ym Sagoz the Greedy
  9542 | D:8      | Found a glowing silver altar of Zin.
  9592 | D:8      | Found a white marble altar of Elyvilon.
  9600 | D:8      | Found a glowing golden altar of the Shining One.
  9798 | Lair:1   | Entered Level 1 of the Lair of Beasts
  9832 | Lair:1   | Noticed a spiny frog
  9838 | Lair:1   | Killed a spiny frog
  9943 | Lair:1   | Noticed a spiny frog
  9957 | Lair:1   | Killed a spiny frog
 10179 | Lair:1   | Noticed a seven-headed hydra
 10196 | Lair:1   | Reached skill level 10 in Axes
 10222 | Lair:1   | Killed a two-headed hydra
 11962 | D:7      | Bought an uncursed amulet of regeneration for 330 gold
                  | pieces
 12031 | D:9      | Reached XP level 11. HP: 72/96 MP: 11/11
 12399 | D:9      | Reached skill level 1 in Evocations
 12455 | D:9      | Noticed a red ugly thing
 12468 | D:9      | Killed a red ugly thing
 12562 | D:9      | Found Wuixzog's Antique Weapon Emporium.
 12627 | D:9      | Found an iron altar of Okawaru.
 12965 | D:10     | Entered Level 10 of the Dungeon
 13115 | D:10     | Noticed a two-headed ogre
 13128 | D:10     | Killed a two-headed ogre
 13144 | D:10     | HP: 4/96 [yak (6)]
 13151 | D:10     | HP: 4/96 [warg (13)]
 13158 | D:10     | Reached skill level 5 in Evocations
 13434 | D:10     | Found a staircase to the Orcish Mines.
 13510 | D:10     | Found a runed translucent door.
 13510 | D:10     | Noticed an ogre mage
 13510 | D:10     | Noticed a yaktaur captain
 13510 | D:10     | Noticed a yaktaur captain
 13512 | D:10     | Noticed a flayed ghost
 13512 | D:10     | Noticed an ogre mage
 13512 | D:10     | Noticed a deep elf mage
 13512 | D:10     | Noticed an orc knight
 13512 | D:10     | Noticed a catoblepas
 13823 | D:11     | Identified the Almanac of the Toxic Snowflakes
 13836 | D:11     | Noticed a cyclops
 13857 | D:11     | Killed a cyclops
 14068 | D:11     | Noticed a two-headed ogre
 14074 | D:11     | Killed a two-headed ogre
 14074 | D:11     | Reached XP level 12. HP: 103/103 MP: 16/16
 14279 | D:11     | Noticed an eight-headed hydra
 14297 | D:11     | HP: 3/103 [six-headed hydra (12)]
 14596 | D:11     | Killed a one-headed hydra
 14596 | D:11     | Reached skill level 5 in Stealth
 14933 | Lair:2   | Noticed a seven-headed hydra
 14947 | Lair:2   | Killed a one-headed hydra
 14947 | Lair:2   | Reached skill level 6 in Stealth
 15309 | Lair:2   | You fall into a shaft and drop 2 floors!
 15310 | Lair:4   | Noticed a death yak
 15310 | Lair:4   | Noticed a death yak
 15317 | Lair:4   | Noticed a death yak
 15324 | Lair:4   | Noticed a death yak
 15324 | Lair:4   | Noticed a death yak
 15325 | Lair:4   | Killed a death yak
 15325 | Lair:4   | Reached skill level 7 in Stealth
 15330 | Lair:4   | Killed a death yak
 15331 | Lair:4   | Noticed a death yak
 15336 | Lair:4   | Killed a death yak
 15344 | Lair:4   | Killed a death yak
 15344 | Lair:4   | Reached skill level 8 in Stealth
 15352 | Lair:4   | Killed a death yak
 15364 | Lair:4   | Killed a death yak
 15364 | Lair:4   | Reached skill level 9 in Stealth
 15411 | Lair:4   | HP: 4/103 [blink frog (13)]
 15415 | Lair:4   | Gained mutation: You can use your snake-like lower body to
                  | constrict enemies. [Naga growth]
 15415 | Lair:4   | Reached XP level 13. HP: 7/109 MP: 19/19
 15807 | Lair:4   | Reached skill level 10 in Stealth
 16643 | Lair:3   | Found a staircase to the Snake Pit.
 16647 | Lair:3   | Found a staircase to the Swamp.
 16665 | Lair:3   | Reached skill level 11 in Stealth
 18096 | Lair:2   | Reached skill level 10 in Evocations
 18484 | Lair:2   | Identified a scroll of acquirement
 18894 | D:7      | Bought a spiked helmet for 209 gold pieces
 18894 | D:7      | Bought a wand of clouds (6) for 264 gold pieces
 18894 | D:7      | Bought a runed cloak for 165 gold pieces
 18894 | D:7      | Bought a potion of berserk rage for 110 gold pieces
 18894 | D:7      | Bought a scroll of enchant armour for 165 gold pieces
 18894 | D:7      | Bought a tin of tremorstones (3/3) for 880 gold pieces
 18906 | D:7      | Identified the +3 helmet of the Forgotten Hosts {*Slow rF+
                  | Str+2 Int+3} (You bought it in a shop on level 7 of the
                  | Dungeon)
 18959 | D:7      | Bought a wand of flame (19) for 115 gold pieces
 18959 | D:7      | Bought a scroll of teleportation for 33 gold pieces
 18959 | D:7      | Bought a potion of curing for 33 gold pieces
 19020 | D:7      | Bought a potion of curing for 42 gold pieces
 19020 | D:7      | Bought 2 potions of curing for 84 gold pieces
 19141 | Lair:5   | Reached skill level 12 in Stealth
 19941 | Lair:5   | Found a runed translucent door.
 19941 | Lair:5   | Found a viscous altar of Jiyva.
 19941 | Lair:5   | Found a staircase to the Slime Pits.
 19998 | Lair:6   | Entered Level 6 of the Lair of Beasts
 20006 | Lair:6   | Reached XP level 14. HP: 121/121 MP: 21/21
 20280 | Lair:6   | Reached skill level 15 in Axes
 20509 | Lair:6   | Reached skill level 13 in Stealth
 21223 | Lair:6   | Found a large runed translucent door.
 21224 | Lair:6   | Found a large runed translucent door.
 21924 | Orc:1    | Entered Level 1 of the Orcish Mines
 22094 | Orc:1    | You fall into a shaft and drop 1 floor!
 22094 | Orc:2    | Entered Level 2 of the Orcish Mines
 22094 | Orc:2    | Found a runed translucent gate.
 22094 | Orc:2    | Found a runed translucent gate.
 22094 | Orc:2    | Found an opulent altar of Gozag.
 22094 | Orc:2    | Found a runed translucent gate.
 22094 | Orc:2    | Noticed p0werm0de's ghost (journeyman DDFi)
 22165 | Orc:2    | Found Syih's Assorted Antiques.
 22517 | Orc:2    | Bought a sharpened fluorescent wand for 120 gold pieces
 22517 | Orc:2    | Bought a scroll labeled QIRUUPR DIYLESK for 30 gold pieces
 22517 | Orc:2    | Bought a scroll labeled XYGAANI FIABRI LOI for 30 gold
                  | pieces
 22517 | Orc:2    | Bought a scroll labeled VANIWU FU ISOW for 30 gold pieces
 22518 | Orc:2    | Bought a scroll of identify for 60 gold pieces
 22548 | Orc:2    | Bought a wand of polymorph (5) for 64 gold pieces
 22761 | Orc:2    | Found Sychopt's Gadget Shoppe.
 22766 | Orc:2    | Found Viel Vep's Food Emporium.
 22767 | Orc:2    | Found Osek's Antique Armour Emporium.
 22792 | Orc:2    | Found Vedosu's Food Shoppe.
 22795 | Orc:2    | Bought a wand of acid (9) for 364 gold pieces
 22941 | Orc:2    | Found Biriumoe's Distillery.
 22949 | Orc:2    | Found a staircase to the Elven Halls.
 23033 | Orc:2    | Bought 2 potions of might for 88 gold pieces
 23033 | Orc:2    | Bought a potion of curing for 33 gold pieces
 23033 | Orc:2    | Found Pott's Magic Scroll Shop.
 23048 | Orc:2    | Bought a scroll of teleportation for 51 gold pieces
 23048 | Orc:2    | Bought a scroll of teleportation for 51 gold pieces
 23048 | Orc:2    | Bought a scroll of enchant armour for 127 gold pieces
 23048 | Orc:2    | Bought a scroll of teleportation for 51 gold pieces
 23048 | Orc:2    | Bought 3 scrolls of summoning for 484 gold pieces
 23048 | Orc:2    | Bought a scroll of identify for 34 gold pieces
 23308 | Orc:2    | Found Zeuhaa Xyssu's Jewellery Boutique.
 23394 | Orc:2    | Killed p0werm0de's ghost
 23394 | Orc:2    | Reached skill level 14 in Stealth
 23394 | Orc:2    | Reached skill level 10 in Shields
 23610 | Orc:1    | Found Ziarro's Assorted Antiques.
 23628 | Orc:1    | Found a runed translucent door.
 23630 | Orc:1    | Found a shimmering altar of Xom.
 23630 | Orc:1    | Noticed Dienlag's ghost (novice OpMo)
 23710 | Orc:1    | Bought a warped tin ring for 140 gold pieces
 23711 | Orc:1    | Identified the ring of Scepticism {rPois MR+ Str+2 Stlth-}
                  | (You bought it in a shop on level 1 of the Orcish Mines)
 23774 | Orc:1    | Found a roughly hewn altar of Beogh.
 23934 | Orc:1    | Killed Dienlag's ghost
 24199 | D:11     | Found Bscham's Bounteous Boutique.
 24207 | D:11     | Bought a scroll of blinking for 90 gold pieces
 24207 | D:11     | Bought a potion of berserk rage for 60 gold pieces
 24428 | D:11     | Reached XP level 15. HP: 132/132 MP: 23/23
 24993 | D:12     | Found Dyshrif's General Store.
 25001 | D:12     | Bought a scroll of magic mapping for 59 gold pieces
 25001 | D:12     | Bought a lightning rod (4/4) for 680 gold pieces
 25001 | D:12     | Bought a scroll of teleportation for 51 gold pieces
 26043 | D:13     | Found a gate to the Vaults.
 26363 | D:14     | Reached skill level 15 in Stealth
 26414 | D:14     | Found a flagged portal.
 26452 | Bailey   | Entered a bailey
 26660 | Bailey   | Found the +9 heavy crossbow "Sniper" {vorpal, Acc+∞ SInv}
 27899 | D:15     | Entered Level 15 of the Dungeon
 28112 | D:15     | Reached XP level 16. HP: 145/145 MP: 25/25
 28205 | D:15     | Found an ornate altar of the Wu Jian Council.
 28219 | D:15     | Reached skill level 16 in Stealth
 28567 | D:15     | Reached skill level 10 in Fighting
 28695 | D:15     | Found a portal to a secret trove of treasure.
 28907 | D:15     | Found a staircase to the Depths.
 29590 | Snake:1  | Entered Level 1 of the Snake Pit
 29594 | Snake:1  | Noticed Aizul
 29622 | Lair:3   | Killed Aizul
 29630 | Lair:3   | HP: 7/147 [poisoned by Aizul (bolt of poison)]
 29635 | Lair:3   | HP: 6/147 [poisoned by Aizul (bolt of poison)]
 29640 | Lair:3   | HP: 6/147 [poisoned by Aizul (bolt of poison)]
 29645 | Lair:3   | HP: 6/147 [poisoned by Aizul (bolt of poison)]
 30356 | Snake:1  | Found a stormy altar of Qazlal.
 30680 | Snake:2  | Noticed a nagaraja
 30692 | Snake:2  | Killed a nagaraja
 30697 | Snake:2  | Reached skill level 17 in Stealth
 31083 | Snake:2  | You fall into a shaft and drop 1 floor!
 31866 | Snake:3  | Noticed a nagaraja
 31879 | Snake:3  | Killed a nagaraja
 31981 | Snake:3  | Reached XP level 17. HP: 150/157 MP: 19/27
 32775 | Snake:2  | Reached skill level 18 in Stealth
 32917 | Snake:2  | Noticed Azrael
 32926 | Snake:2  | Killed Azrael
 33553 | Snake:4  | Entered Level 4 of the Snake Pit
 33881 | Snake:4  | Found Hiesaet's Magic Scroll Shop.
 33884 | Snake:4  | Found Hiofad's Gadget Boutique.
 33886 | Snake:4  | Bought a scroll of fear for 56 gold pieces
 33886 | Snake:4  | Bought a scroll of magic mapping for 56 gold pieces
 33886 | Snake:4  | Bought a scroll of magic mapping for 56 gold pieces
 33886 | Snake:4  | Bought 3 scrolls of teleportation for 144 gold pieces
 33886 | Snake:4  | Bought a scroll of enchant weapon for 120 gold pieces
 33886 | Snake:4  | Bought a scroll of teleportation for 48 gold pieces
 33892 | Snake:4  | Bought a wand of clouds (3) for 210 gold pieces
 34055 | Snake:4  | Identified Roxanne's Handbook of Transmutation
 34055 | Snake:4  | Noticed Roxanne
 34460 | Snake:4  | Found Wes Tecy's Armour Boutique.
 34530 | Snake:4  | Killed Roxanne
 35711 | Snake:3  | HP: 7/159 [poisoned by a nagaraja (bolt of poison)]
 35716 | Snake:3  | HP: 6/159 [poisoned by a nagaraja (bolt of poison)]
 35721 | Snake:3  | HP: 7/159 [poisoned by a nagaraja (bolt of poison)]
 35971 | Snake:4  | Reached skill level 19 in Stealth
 36458 | Snake:4  | Reached XP level 18. HP: 151/169 MP: 28/28
 36484 | Snake:4  | Bought a wand of clouds (5) for 540 gold pieces
 36484 | Snake:4  | Bought a wand of paralysis (11) for 260 gold pieces
 36494 | Snake:4  | Bought a runed troll leather armour for 612 gold pieces
 37413 | Snake:4  | Got a serpentine rune of Zot
 37691 | Snake:3  | Bought a pair of runed gloves for 225 gold pieces
 37773 | Swamp:1  | Entered Level 1 of the Swamp
 37781 | Swamp:1  | Noticed Frances
 37797 | Swamp:1  | Killed Frances
 37888 | Swamp:1  | Upgraded the game from 0.25.0-9-g26727b657a to
                  | 0.25.0-26-g0c896c7088
 37968 | Swamp:1  | Upgraded the game from 0.25.0-26-g0c896c7088 to
                  | 0.25.0-37-gb73750e0fb
 38486 | Depths:1 | Entered Level 1 of the Depths
 39033 | Depths:1 | Found a runed translucent gate.
 39033 | Depths:1 | Found a runed translucent gate.
 39033 | Depths:1 | Found a runed translucent gate.
 39045 | Depths:1 | Found a one-way gate to the infinite horrors of the Abyss.
 39534 | Depths:1 | Reached skill level 20 in Stealth
 39939 | Depths:1 | Reached skill level 15 in Evocations
 40131 | Depths:1 | Found a gateway to Hell.
 40427 | Depths:2 | Noticed a juggernaut
 40693 | Depths:2 | Killed a juggernaut
 40693 | Depths:2 | Reached XP level 19. HP: 68/180 MP: 30/30
 41543 | Depths:2 | Found a one-way gate leading to the halls of Pandemonium.
 41601 | Depths:2 | Found a gateway to a ziggurat.
 41637 | Depths:2 | HP: 7/181 [daeva/divine providence (12)]
 41638 | Depths:2 | Killed from afar by a daeva

Illustrated notes

Levels and vault maps discovered:
D:1:      minmay_arrival_radiant_lines, layout_basic
D:2:      layout_rooms, lemuel_coloured_pillars_altar, cheibriados_altar_1,
          amethyst_overflow_temple_binary, first_ration,
          chequers_serial_rivers_micro_a, yredelemnul_altar_generic
D:3:      layout_basic, old_standard_altar
D:4:      layout_basic, serial_shops, shop, grunt_ministairs_3,
          uniq_blork_the_orc
D:5:      layout_rooms, uniq_eustachio
D:6:      layout_rooms, minmay_temple_entry_glassed_door, uniq_pikel,
          uniq_duvessa, uniq_edmund
D:7:      lemuel_bear_cage, layout_cave_pods, gammafunk_temple_of_torment,
          serial_shops, kennysheep_little_box, nicolae_shop_behind_doors, shop,
          shop, kennysheep_mini_moat, uniq_maggie
D:8:      layout_basic, good_gods_mini_temple, due_lair_maze_entry_diamond
D:9:      layout_long_grid, serial_shops, shop, basic_altar
D:10:     minmay_gate_of_8, layout_rooms, minmay_orc_entry_guard_dogs,
          grunt_pizzeria
D:11:     minmay_spotlight, layout_long_grid, nicolae_alphabet_shops,
          kennysheep_diamond, minmay_diamond_spiral
D:12:     layout_roguey, serial_shops, shop
D:13:     layout_irregular_city, grunt_vaults_entry_tiered
D:14:     layout_irregular_city, minmay_crystal_room, enter_bailey_6
D:15:     gammafunk_enter_depths_forms, layout_irregular_city, enter_trove_1,
          basic_altar, minmay_misc_feat_rows, lemuel_flamethrower_2
Temple:   nicolae_temple_no_exploring_needed
Lair:1:   layout_small_grid
Lair:2:   layout_cellular_growth, beast_lair_carwin_8, minmay_lair_oklob_chamber
Lair:3:   layout_long_grid, swamp_mist, minmay_snake_entry_guardpost_small
Lair:4:   layout_concentric_octagons, beast_lair_carwin_1
Lair:5:   layout_hall_layers, slime_altar_2, special_room [special_room_bee],
          infiniplex_staircase_pool
Lair:6:   cheibrodos_lair_end_hotspot, layout_regular_city
Swamp:1:  layout_basic_swamp, evilmike_swamp_ruin_house_1, swamp_pool5,
          cheibrodos_swamp_slimy, uniq_donald, uniq_josephine, uniq_frances
Snake:1:  layout_rooms, basic_altar, uniq_aizul
Snake:2:  layout_gridlike, st_stairs_6, lemuel_fruit_tree, uniq_azrael
Snake:3:  layout_cave_town, grunt_ministairs_14, drop_trap,
          hangedman_corner_corridor, grunt_megastairs_1
Snake:4:  johnstein_snake_rune_scales, layout_onion, serial_shops,
          nicolae_shop_statue_plus, st_stairs_1, minmay_shoptagon, uniq_roxanne
Orc:1:    layout_caves, special_room [special_room_kobold], serial_shops, shop,
          ebering_ghost_xom, david_defended_altar_orc
Orc:2:    st_orc_mages, layout_caves, ebering_ghost_gozag, serial_shops,
          nicolae_shop_overgrown_old_shop, nicolae_shop_stone, shop, shop
Depths:1: layout_forbidden_donut, kennysheep_another_room, abyss_entry,
          hell_entry, drop_trap, pandoras_box_mu, serial_bayou_shore_b,
          kennysheep_cross_landing
Depths:2: minmay_the_grid_triangle_9x9_recursive_3_mashed
          [minmay_the_grid_triangle_9x9_longest,
          minmay_the_grid_triangle_9x9_odd_lines,
          minmay_the_grid_triangle_9x9_windchime,
          minmay_the_grid_triangle_9x9_prize_special,
          minmay_the_grid_triangle_9x9_tough_junction,
          minmay_the_grid_triangle_9x9_wacky_v,
          minmay_the_grid_triangle_9x9_descending_squares,
          minmay_the_grid_triangle_9x9_impossible_snake,
          minmay_the_grid_triangle_9x9_thin_v], layout_cave_pools,
          enter_ziggurat_c, rand_demon_pan_entry_7, hell_entry,
          minmay_swirly_circle

Skill      XL: |  1  2  3  4  5  6  7  8  9 10 11 12 13 14 15 16 17 18 |
---------------+-------------------------------------------------------+-----
Fighting       | 2 3 4 5 6 8 9 11 12 13 | 13.7
Axes           | 2 3 5 6 9 11 13 14 15 | 15.9
Shields        | 1 2 4 5 7 9 10 11 12 13 | 13.6
Evocations     | 6 8 10 11 12 13 14 15 | 15.5
Stealth        | 9 12 14 15 17 19 20 | 20.9
Polearms       | |  1.0
Transmutations | |  1.0
Poison Magic   | |  5.3

Action                   |  1- 3 |  4- 6 |  7- 9 | 10-12 | 13-15 | 16-18 | 19-21 || total
-------------------------+-------+-------+-------+-------+-------+-------+-------++-------
Melee: Dagger            |   194 |   167 |       |       |       |       |       ||   361
       Hand axe          |       |    52 |       |       |       |       |       ||    52
       War axe           |       |    35 |   241 |   573 |  1382 |  1323 |   115 ||  3669
       Constrict         |       |       |       |       |   251 |   209 |    19 ||   479
Invok: Call Merchant     |       |       |       |       |     1 |     3 |       ||     4
 Abil: Spit Poison       |     8 |    19 |     4 |     3 |       |       |       ||    34
       Evoke Flight      |       |       |       |       |     4 |       |       ||     4
Evoke: Wand              |       |       |       |     2 |     2 |     9 |     2 ||    15
       Lightning rod     |       |       |       |       |       |     4 |       ||     4
       Tin of tremorston |       |       |       |       |       |     3 |       ||     3
  Use: Scroll            |       |       |     8 |    13 |    30 |     9 |     5 ||    65
       Potion            |       |       |     2 |     7 |     4 |    11 |     4 ||    28
 Stab: Sleeping          |     2 |     2 |     1 |     5 |    34 |    31 |     2 ||    77
       Distracted        |       |       |       |     7 |    21 |    18 |       ||    46
  Eat: Chunk             |     3 |    11 |     8 |     1 |       |       |       ||    23
       Ration            |       |       |       |     5 |    12 |     9 |     1 ||    27
Armor: Scale mail        |   100 |   149 |    87 |       |       |       |       ||   336
       Robe              |     3 |       |       |       |       |       |       ||     3
       Skin              |       |       |    11 |    11 |       |       |       ||    22
       Steam dragon scal |       |       |     9 |   191 |   334 |   142 |       ||   676
       Troll leather arm |       |       |       |       |       |    97 |    18 ||   115
Dodge: Dodged            |    78 |    84 |    38 |   134 |   220 |   154 |    17 ||   725
Block: Kite shield       |       |    42 |   176 |   279 |   107 |       |       ||   604
       Reflection        |       |       |     1 |       |       |       |       ||     1
       Tower shield      |       |       |       |       |   930 |  1129 |    94 ||  2153
